cohdb
Replays
Latest Replays
All Replays
Popular Replays
Top Player Replays
Match Explorer
How It Works
Community
CoH3 Stats
Reddit
Sign in to upload your games and track your stats! →
Sign in with Steam
Match 37674997
Unlisted
Match 37674997
Overview
Messages
Build Orders
End
Kettenkrad Recon Vehicle
Construct Infanterie Kompanie
Grenadier Squad
Grenadier Squad
MG 42 Machine Gun Team
Construct Luftwaffe Kompanie
Medical Station
Jäger Squad
Selects Mechanized Battlegroup
Selects Raid Package
Jäger Squad
Luftwaffe Officer Quarters
Selects StuG Assault Group
Support Elements
Wirbelwind Flakpanzer
Construct Panzer Kompanie
Selects UNKNOWN (2160084)
Selects Spotting Scopes
Panther Heavy Tank
REGULATOR
Extra Chromosomes
0
0
Comments
sign in to comment!
No comments posted yet!